 Dungeon Crawl Stone Soup version 0.29.1-12-g30fa7ad0bf (webtiles) character file.

Game seed: 15053976799866168191

17780 concernfroge the Warrior (level 12, -42/114 HPs)
             Began as a Mummy Monk on Dec 24, 2022.
             Was a Plaything of Xom.
             Annihilated by a very large slime creature (45 damage)
             ... on level 12 of the Dungeon.
             The game lasted 00:42:26 (10818 turns).

concernfroge the Warrior (Mummy Monk)              Turns: 10818, Time: 00:42:29

Health: -42/114    AC: 18    Str: 26    XL:     12   Next: 21%
Magic:  12/12      EV:  7    Int:  7    God:    Xom [*.....]
Gold:   841        SH: 12    Dex: 15    Spells: 4/11 levels left

rFire   . . .      SeeInvis .   k - +8 war axe of the Sage {vorpal, Str+7 Int-2}
rCold   + . .      Faith    .   q - +0 kite shield
rNeg    + + +      Spirit   .   p - +2 chain mail {rF+}
rPois   ∞          Reflect  +   t - +2 hat
rElec   .          Harm     .   I - +2 cloak {Will+}
rCorr   .          Rampage  .   e - +0 pair of gloves
Will    +++..                   y - +1 pair of boots
Stlth   ..........              m - amulet of reflection
HPRegen 0.29/turn               j - ring of willpower
MPRegen 0.13/turn               (no ring)

@: no status effects
A: cold resistance 1, negative energy resistance 3, torment resistance 2, heat
vulnerability 1, in touch with death 1, no potions
a: Renounce Religion


You were on level 12 of the Dungeon.
You worshipped Xom.
You were a special plaything of Xom.
You visited 1 branch of the dungeon, and saw 12 of its levels.

You collected 1016 gold pieces.
You spent 175 gold pieces at shops.

Inventory:

Hand Weapons
 k - the +8 war axe of the Sage (weapon) {vorpal, Str+7 Int-2}
   (You found it on level 2 of the Dungeon)

   It inflicts extra damage upon your enemies.
   Str:       It affects your strength (+7).
   Int:       It affects your intelligence (-2).
Missiles
 h - 61 stones
 o - 8 boomerangs
 r - 8 poisoned darts
 C - 2 curare-tipped darts (quivered)
Armour
 e - a +0 pair of gloves (worn)
 p - a +2 chain mail of fire resistance (worn)
 q - a +0 kite shield (worn)
 t - a +2 hat (worn)
 w - a +0 ring mail of fire resistance
 y - a +1 pair of boots (worn)
 I - a +2 cloak of willpower (worn)
Jewellery
 c - an amulet of guardian spirit
 j - a ring of willpower (left hand)
 m - an amulet of reflection (around neck)
 E - a ring of protection from cold
 G - an amulet of regeneration
Wands
 z - a wand of flame (27)
 H - a wand of digging (4)
Scrolls
 a - a scroll of poison
 f - 3 scrolls of amnesia
 g - 2 scrolls of enchant weapon
 n - 2 scrolls of noise
 A - a scroll of fog
 B - a scroll of vulnerability
 D - 2 scrolls of identify
Miscellaneous
 b - a condenser vane (inert)


   Skills:
 - Level 17.0 Fighting
 + Level 12.3(12.4) Axes
 - Level 2.4(8.3) Polearms
 - Level 2.4 Dodging
 - Level 1.5 Stealth


You had 4 spell levels left.
You knew the following spells:

 Your Spells              Type           Power      Damage    Failure   Level
a - Blink                 Tloc           0%         N/A       100%        2
b - Manifold Assault      Tloc           0%         N/A       100%        5

Your spell library contained the following spells:

 Spells                   Type           Power      Damage    Failure   Level
 Static Discharge         Conj/Air       0%         3-3/arc   100%        2
 Call Canine Familiar     Summ           0%         N/A       100%        3
 Conjure Flame            Conj/Fire      0%         6-21      100%        3
 Dazzling Flash           Conj/Hex       0%         N/A       100%        3
 Ignite Poison            Fire/Tmut/Pois 0%         N/A       100%        3
 Lesser Beckoning         Tloc           0%         N/A       100%        3
 Portal Projectile        Hex/Tloc       0%         N/A       100%        3
 Iskenderun's Mystic Bla  Conj/Tloc      0%         2d3       100%        4
 Leda's Liquefaction      Hex/Erth       0%         N/A       100%        4
 Olgreb's Toxic Radiance  Pois           0%         N/A       100%        4
 Sticky Flame             Conj/Fire      0%         2d3       100%        4
 Summon Ice Beast         Ice/Summ       0%         N/A       100%        4
 Lightning Bolt           Conj/Air       0%         1d11      100%        5
 Summon Mana Viper        Hex/Summ       0%         N/A       100%        5
 Starburst                Conj/Fire      0%         6d3       100%        6
 Monstrous Menagerie      Summ           0%         N/A       100%        7
 Ozocubu's Refrigeration  Ice            0%         4d7       100%        7
 Ignition                 Fire           0%         3d3       100%        8
 Maxwell's Capacitive Co  Air            0%         ∞         100%        8


Dungeon Overview and Level Annotations

Branches:
Dungeon (12/15)              Lair (0/5) D:8             Orc (0/2) D:9
 Temple: D:4-7

Altars:
Ashenzari
Gozag
Makhleb
Sif Muna
Trog
Vehumet
Xom
Yredelemnul

Shops:
D:5 ?   D:12 !

Annotations:
D:2 Sigmund
D:7 2 transporters


Innate Abilities, Weirdness & Mutations

You are immune to poison.
Your flesh is cold resistant. (rC+)
You are immune to negative energy. (rN+++)
You are immune to unholy pain and torment.
You are vulnerable to heat. (rF-)
You are in touch with the powers of death.
You do not drink.


Message History

The boulder beetle leaps!
You slice the very large slime creature!!
The very large slime creature is lightly wounded.
Xom makes a sudden noise!
You hear a crunching sound.
You hear a roar!
You hear a shout!
You hear an angry buzzing noise. x3
You block the very large slime creature's attack.
You barely miss the very large slime creature.
The very large slime creature is lightly wounded.
The very large slime creature hits you but does no damage.
You slice the very large slime creature!!
The very large slime creature is moderately wounded.
The very large slime creature hits you but does no damage.
You barely miss the very large slime creature.
The very large slime creature is moderately wounded.
You hit the boulder beetle.
The very large slime creature hits you but does no damage.
You block the boulder beetle's attack.
You slash the very large slime creature!
The very large slime creature is moderately wounded.
You hit the boulder beetle but do no damage.
The very large slime creature hits you!!!
You emit a cloud of colourful smoke!
The boulder beetle barely misses you.
You block the very large slime creature's attack.
You slash the boulder beetle!
The boulder beetle is heavily wounded.
You slash the very large slime creature!
You block the boulder beetle's attack.
The very large slime creature hits you!!!
* * * LOW HITPOINT WARNING * * *
A shower of butterflies erupts from you!
There's no open space to fill with poison.
Really read the scroll of immolation?
As you read the scroll of immolation, it crumbles to dust.
The creatures around you are filled with an inner flame!
The boulder beetle bites you.
* * * LOW HITPOINT WARNING * * *
The very large slime creature hits you!!!
You die...
Xom snickers!

.$##.....#
..#......#...$..##
##....)#.$.....
###..†#.....$. ##..# $....
###### ##)# .$..##....## .
###)### bb##......## ..#
###.....###B#^.......##..T>
#.........#@#.....J..'.....
#.........#J#....J...'.....
#.....)...#T§........##.J.J
#.........#.##......## #
#.........#.###....##
#...(.....#.# ######
###.....###'####
###.###......# ####(#
#......#


You could see a boulder beetle (inner flame), a very large slime creature (inner
flame, ally target) and a troll (inner flame).

Vanquished Creatures
  Nessos (D:12)
  3 hydras (D:12)
  4 two-headed ogres
  A boulder beetle (D:10)
  Pikel (D:4)
  2 cyclopes (D:12)
  Maurice (D:10)
  2 gargoyles (D:12)
  A komodo dragon (D:12)
  A troll (D:12)
  A blink frog (D:8)
  A hornet (D:9)
  2 slime creatures (D:12)
  5 wyverns
  3 yaks
  4 vampires
  A wraith (D:10)
  2 steam dragons
  Duvessa (D:4)
  Edmund (D:4)
  3 water moccasins
  2 orc warriors
  An ice beast (D:5)
  5 black bears
  An ogre (D:5)
  4 wolves
  A centaur (D:9)
  2 phantoms (D:5)
  2 lemures (D:4)
  2 kobold brigands
  4 bullfrogs
  2 scorpions
  3 gnoll sergeants
  A necrophage (D:7)
  5 wights (D:7)
  Dowan (D:4)
  5 killer bees
  4 howler monkeys
  A crimson imp (D:7)
  9 orc priests
  6 hounds
  2 jellies (D:7)
  4 iguanas
  19 orc wizards
  14 adders
  18 gnolls
  An ufetubus (D:5)
  3 worms
  A dart slug (D:1)
  37 orcs
  5 ball pythons
  11 bats
  7 endoplasms
  4 giant cockroaches
  5 goblins
  7 hobgoblins
  2 jackals (D:1)
  4 quokkas
  4 frilled lizards
  14 kobolds
  8 rats
272 creatures vanquished.

Vanquished Creatures (collateral kills)
  A lindwurm (D:9)
  A cyclops (D:12)
  An unseen horror (D:12)
  A shadow (D:12)
  5 yaks (D:12)
  A vampire mosquito (D:12)
  An orc priest (D:12)
11 creatures vanquished.

Vanquished Creatures (others)
  A lindwurm (D:9)
  2 kobolds (D:9)
  2 fungi (D:8)
  13 plants (D:8)
18 creatures vanquished.

Grand Total: 301 creatures vanquished

Notes
Turn   | Place    | Note
-------+----------+-------------------------------------------
     0 | D:1      | concernfroge the Mummy Monk began the quest for the Orb.
     0 | D:1      | Reached XP level 1. HP: 18/18 MP: 1/1
   293 | D:1      | Reached XP level 2. HP: 24/24 MP: 2/2
   486 | D:1      | Reached skill level 4 in Fighting
   662 | D:1      | Found a faded altar of an unknown god.
   847 | D:1      | Gained mutation: You are in touch with the powers of death.
                  | [Mummy growth]
   847 | D:1      | Reached XP level 3. HP: 25/30 MP: 3/3
  1146 | D:2      | Noticed Sigmund
  1309 | D:4      | Noticed a lemure
  1309 | D:4      | Noticed a lemure
  1309 | D:4      | Noticed Pikel
  1549 | D:1      | Prayed at the altar of an unknown god.
  1549 | D:1      | Became a worshipper of Xom of Chaos
  1608 | D:1      | XOM: silly message
  1683 | D:1      | Reached XP level 4. HP: 37/38 MP: 4/4
  1734 | D:2      | Identified the +8 war axe of the Sage {vorpal, Str+7 Int-2}
  1746 | D:2      | Reached skill level 5 in Fighting
  1772 | D:2      | XOM: cloud trail
  1901 | D:2      | You fall into a shaft and drop 1 floor!
  2010 | D:2      | XOM: enchant monster (good)
  2086 | D:2      | XOM: 1-stop teleportation journey
  2148 | D:3      | Reached XP level 5. HP: 10/46 MP: 5/5
  2149 | D:3      | Reached skill level 6 in Fighting
  2406 | D:3      | XOM: divination: magic mapping
  2510 | D:3      | Reached XP level 6. HP: 53/53 MP: 6/6
  2644 | D:3      | Reached skill level 7 in Fighting
  2921 | D:3      | Learned a level 2 spell: Blink
  3043 | D:4      | Noticed Duvessa
  3044 | D:4      | XOM: enchant monster (bad)
  3047 | D:4      | Noticed Dowan
  3056 | D:4      | Killed Duvessa
  3056 | D:4      | XOM: summons friendly iron imp
  3071 | D:4      | XOM: silly message
  3085 | D:4      | Killed Pikel
  3086 | D:4      | Reached skill level 9 in Fighting
  3086 | D:4      | Reached XP level 7. HP: 21/64 MP: 7/7
  3100 | D:4      | Killed Dowan
  3483 | D:4      | XOM: divination: detect items
  3500 | D:4      | XOM: 3-stop teleportation journey
  3566 | D:4      | Reached XP level 8. HP: 72/72 MP: 8/8
  3566 | D:4      | Noticed Edmund
  3567 | D:4      | XOM: enchant monster (good)
  3572 | D:4      | Killed Edmund
  3573 | D:4      | Reached skill level 10 in Fighting
  3573 | D:4      | Reached skill level 1 in Axes
  3742 | D:5      | Entered Level 5 of the Dungeon
  3810 | D:5      | XOM: 1-stop teleportation journey
  3966 | D:5      | Found Riloin's Magic Scroll Shop.
  3984 | D:5      | XOM: 1-stop teleportation journey
  3990 | D:5      | XOM: chaos cloud
  4037 | D:5      | XOM: noise
  4038 | D:5      | XOM: swap monsters
  4045 | D:5      | Reached skill level 5 in Axes
  4346 | D:5      | XOM: enchant monster (bad)
  4355 | D:5      | Reached XP level 9. HP: 78/78 MP: 9/9
  4377 | D:5      | Bought a scroll of blinking for 97 gold pieces
  4380 | D:5      | Bought a scroll of identify for 26 gold pieces
  4380 | D:5      | Bought a scroll of identify for 26 gold pieces
  4380 | D:5      | Bought a scroll of identify for 26 gold pieces
  4380 | D:5      | Identified a scroll of acquirement
  4383 | D:5      | Acquired a manual of Fighting
  4480 | D:5      | Identified the +0 halberd of Conscience {vorpal, Dex+4}
  4484 | D:5      | XOM: summons 2 hostile shadow creatures
  4623 | D:6      | Found a broken altar of Ashenzari.
  4787 | D:6      | XOM: polymorph gnoll -> killer bee
  4795 | D:6      | XOM: noise
  4805 | D:6      | XOM: chaos upgrade
  4935 | D:7      | Noticed a gargoyle
  4982 | D:7      | Found a bloodstained altar of Trog.
  4982 | D:7      | Noticed a deep elf pyromancer
  4983 | D:7      | Found a transporter.
  4983 | D:7      | Noticed a purple ugly thing
  5107 | D:7      | Noticed a cyclops
  5221 | D:7      | Found a shimmering blue altar of Sif Muna.
  5296 | D:7      | Learned a level 5 spell: Manifold Assault
  5318 | D:7      | XOM: stat loss: -1 Str (25/26)
  5323 | D:7      | Reached skill level 11 in Fighting
  5365 | D:7      | Found a radiant altar of Vehumet.
  5365 | D:7      | Found a burning altar of Makhleb.
  5545 | D:7      | XOM: noise
  5643 | D:7      | XOM: stat loss: -1 Str (25/26)
  5755 | D:7      | Reached skill level 12 in Fighting
  5761 | D:7      | Found a transporter.
  5865 | D:7      | Found an opulent altar of Gozag.
  5996 | D:7      | XOM: noise
  6064 | D:7      | XOM: stat loss: -1 Dex (13/14)
  6149 | D:8      | Found a basalt altar of Yredelemnul.
  6149 | D:8      | XOM: 3-stop teleportation journey
  6199 | D:8      | XOM: 1-stop teleportation journey
  6285 | D:8      | XOM: 1-stop teleportation journey
  6305 | D:8      | XOM: enchant monster (good)
  6306 | D:8      | Reached XP level 10. HP: 60/91 MP: 10/10
  6312 | D:8      | Reached skill level 13 in Fighting
  6593 | D:8      | XOM: polymorph wyvern -> blink frog
  6692 | D:8      | Found a staircase to the Lair.
  7041 | D:8      | XOM: 4-stop teleportation journey
  7184 | D:8      | XOM: summons 4 hostile shadow creatures
  7189 | D:9      | Noticed a lindwurm
  7195 | D:9      | Reached skill level 14 in Fighting
  7219 | D:9      | XOM: swap monsters
  7391 | D:9      | XOM: god gift: falchion {god gift}
  7484 | D:9      | XOM: polymorph acid dragon -> wolf
  7516 | D:9      | XOM: scenery: create altars
  7691 | D:9      | Noticed a lindwurm
  7693 | D:9      | Noticed a lindwurm
  7699 | D:9      | XOM: enchant monster (good)
  7702 | D:9      | Killed a lindwurm
  7715 | D:9      | Found a staircase to the Orcish Mines.
  7770 | D:9      | XOM: summons 5 friendly demons
  7831 | D:9      | Noticed a lindwurm
  7837 | D:9      | XOM: summons 10 friendly demons
  7847 | D:9      | XOM: fog
  7863 | D:9      | XOM: enchant monster (good)
  7864 | D:9      | HP: 4/95 [lindwurm/blast of flame (31)]
  8022 | D:9      | XOM: god gift: +2 battleaxe of electrocution
  8197 | D:9      | Reached skill level 15 in Fighting
  8575 | D:10     | Entered Level 10 of the Dungeon
  8575 | D:10     | Noticed Maurice
  8588 | D:10     | XOM: summons friendly iron imp
  8590 | D:10     | Killed Maurice
  8639 | D:10     | Noticed a two-headed ogre
  8647 | D:10     | Killed a two-headed ogre
  8648 | D:10     | Reached XP level 11. HP: 103/103 MP: 11/11
  8737 | D:10     | Noticed a two-headed ogre
  8746 | D:10     | Killed a two-headed ogre
  9179 | D:11     | Noticed a boulder beetle
  9181 | D:11     | XOM: potion effect (invisibility)
  9187 | D:10     | XOM: cast spell 'Summon Cactus Giant'
  9193 | D:10     | Killed a boulder beetle
  9194 | D:10     | Reached skill level 16 in Fighting
  9201 | D:10     | XOM: summons 2 friendly demons
  9207 | D:10     | Reached skill level 10 in Axes
  9225 | D:10     | XOM: noise
  9321 | D:11     | XOM: 2-stop teleportation journey
  9360 | D:11     | XOM: potion effect (might)
  9364 | D:12     | Noticed a brown ugly thing
  9364 | D:12     | Found Wefubep's Distillery.
  9369 | D:12     | XOM: destruction
  9378 | D:12     | XOM: enchant monster (bad)
  9481 | D:12     | XOM: confuse monster(s)
  9495 | D:12     | Noticed a six-headed hydra
  9508 | D:12     | Noticed a two-headed ogre
  9887 | D:12     | Noticed a seven-headed hydra
  9887 | D:12     | Noticed a two-headed ogre
  9902 | D:12     | XOM: confusion (+ monsters)
  9914 | D:12     | Killed a seven-headed hydra
  9928 | D:12     | XOM: summons friendly ufetubus
  9934 | D:12     | Killed a two-headed ogre
  9935 | D:12     | Reached skill level 17 in Fighting
 10073 | D:12     | XOM: scenery: 1 doors open, 1 doors close
 10078 | D:12     | Noticed an eight-headed hydra
 10082 | D:12     | XOM: potion effect (brilliance)
 10094 | D:12     | Killed an eight-headed hydra
 10243 | D:12     | XOM: silly message
 10337 | D:12     | XOM: noise
 10370 | D:12     | XOM: stat loss: -1 Int (6/7)
 10421 | D:12     | Noticed an eight-headed hydra
 10422 | D:12     | XOM: summons 1 hostile shadow creature
 10442 | D:12     | XOM: chaos upgrade
 10444 | D:12     | XOM: summons friendly ufetubus
 10445 | D:12     | Noticed Nessos
 10455 | D:12     | Killed an eight-headed hydra
 10455 | D:12     | Killed a two-headed ogre
 10455 | D:12     | Killed Nessos
 10456 | D:12     | Reached XP level 12. HP: 41/114 MP: 12/12
 10692 | D:12     | XOM: summons 5 hostile demons
 10799 | D:12     | XOM: noise
 10805 | D:12     | Noticed a boulder beetle
 10806 | D:12     | XOM: fog
 10808 | D:12     | XOM: silly message
 10812 | D:12     | XOM: noise
 10816 | D:12     | XOM: smoke on damage
 10817 | D:12     | XOM: butterfly on damage
 10818 | D:12     | HP: 3/114 [boulder beetle (6)]
 10818 | D:12     | Annihilated by a very large slime creature

Illustrated notes

Levels and vault maps discovered:
D:1:      dpeg_arrival_simpleton_a, layout_rooms, ebering_ecumenical_altar_mist
D:2:      layout_loops_ring, uniq_sigmund
D:3:      layout_loops_cross, glass_columns_b
D:4:      layout_rooms, uniq_edmund, uniq_duvessa, uniq_pikel
D:5:      layout_rooms, kennysheep_windowed_goal
D:6:      layout_basic, nicolae_overflow_crystal_walls,
          minmay_temple_entry_glassed_door, minmay_puff
D:7:      gammafunk_the_bubble [the_bubble_gammafunk_plus_minus],
          layout_loops_ring, nicolae_sif_muna_condensation,
          kennysheep_mini_moat, bloody_trog,
          grunt_temple_overflow_lords_of_destruction
D:8:      layout_layer_cave, amcnicky_altar_gilded, minmay_lair_entry_grove
D:9:      layout_loops_ring, orc_0_dummy, minmay_lindwurm_lava
D:10:     layout_rooms, uniq_maurice
D:11:     layout_big_octagon, serial_undead, serial_undead_e, serial_undead_f,
          serial_undead_c, serial_undead_e, serial_undead_e, serial_undead_a,
          serial_undead_e, item_on_display_a, uniq_urug, uniq_harold
D:12:     minmay_polygon_palace, layout_layer_cave, serial_shops, shop,
          uniq_nessos

Skill      XL: |  1  2  3  4  5  6  7  8  9 10 11 |
---------------+----------------------------------+-----
Fighting       | 4 5 6 9 10 12 15 17 | 17.0
Axes           | 5 7 9 12 | 12.3
Polearms       | |  2.4
Dodging        | |  2.4
Stealth        | |  1.5

Action                   |  1- 3 |  4- 6 |  7- 9 | 10-12 || total
-------------------------+-------+-------+-------+-------++-------
Melee: Spear             |   170 |     9 |       |       ||   179
       Punch             |     5 |       |       |       ||     5
       War axe           |       |   104 |   214 |   202 ||   520
Throw: Dart              |     3 |     2 |       |    10 ||    15
       Stone             |       |       |     2 |       ||     2
Evoke: Wand              |       |       |     1 |    40 ||    41
       Condenser vane    |       |       |       |     1 ||     1
  Use: Scroll            |     4 |       |    10 |    17 ||    31
 Stab: Paralysed         |       |       |     5 |     4 ||     9
       Invisible         |       |       |       |     3 ||     3
Armor: Robe              |    18 |       |       |       ||    18
       Chain mail        |    62 |    57 |   127 |   126 ||   372
Dodge: Dodged            |    82 |    48 |    96 |    50 ||   276
Block: Buckler           |       |    17 |    27 |       ||    44
       Kite shield       |       |       |    41 |   154 ||   195
       Reflection        |       |       |     2 |     3 ||     5
